 Dungeon Crawl Stone Soup version 0.27-a0-1046-g98bf31544f (webtiles) character file.

Game seed: 8270048004736426591

490 Mgcat the Skirmisher (level 7, 0/76 HPs)
             Began as an Ogre Fighter on Apr 19, 2021.
             Was an Initiate of Gozag.
             Slain by an iguana (9 damage)
             ... on level 4 of the Dungeon.
             The game lasted 00:06:19 (4110 turns).

Mgcat the Skirmisher (Ogre Fighter)                 Turns: 4110, Time: 00:06:19

Health: 0/76       AC:  3    Str: 23    XL:     7   Next: 14%
Magic:  7/7        EV:  8    Int:  9    God:    Gozag
Gold:   126        SH:  8    Dex:  8    Spells: 6/6 levels left

rFire    . . .     SeeInvis .   a - +0 war axe
rCold    . . .     Faith    .   c - +0 kite shield
rNeg     . . .     Spirit   .   b - +0 robe
rPois    .         Reflect  .   (helmet restricted)
rElec    .         Harm     .   (no cloak)
rCorr    .         Rampage  .   (gloves unavailable)
Will     .....                  (boots unavailable)
Stlth    +.........             (no amulet)
HPRegen  0.22/turn              (no ring)
MPRegen  0.10/turn              (no ring)

@: no status effects
A: large, unfitting armour, tough skin 1
a: Renounce Religion, Potion Petition, Call Merchant, Bribe Branch


You were on level 4 of the Dungeon.
You worshipped Gozag.
Gozag was aware of your devotion.
You visited 2 branches of the dungeon, and saw 5 of its levels.

You collected 174 gold pieces.
You paid 48 gold pieces to Gozag.

Inventory:

Hand Weapons
 a - a +0 war axe (weapon)
Armour
 b - a +0 robe (worn)
 c - a +0 kite shield (worn)
Scrolls
 e - 5 scrolls of identify {unknown}
 f - 2 scrolls of teleportation {unknown}
 i - 2 scrolls of amnesia {unknown}
 j - 2 scrolls of enchant weapon {unknown}
 l - 2 scrolls of magic mapping {unknown}
 n - 2 scrolls of immolation {unknown}
 o - 3 scrolls of blinking {unknown}
 r - 3 scrolls of enchant armour {unknown}
Potions
 g - a potion of mutation {unknown}
 h - 2 potions of heal wounds {unknown}
 k - a potion of curing {unknown}
 m - a potion of berserk rage {unknown}
 p - a potion of lignification {unknown}
 q - a potion of haste {unknown}


   Skills:
 + Level 6.7 Fighting
 * Level 6.2 Axes
 - Level 2.6 Dodging
 - Level 2.6 Shields


You had 6 spell levels left.
You didn't know any spells.
Your spell library contained the following spells:

 Spells                   Type           Power      Damage    Failure   Level
 Corona                   Hex            0%         N/A       85%         1
 Ensorcelled Hibernation  Hex/Ice        0%         N/A       94%         2
 Confusing Touch          Hex            0%         N/A       99%         3
 Dazzling Flash           Conj/Hex       0%         N/A       99%         3
 Gell's Gravitas          Tloc           0%         N/A       99%         3
 Tukima's Dance           Hex            0%         N/A       99%         3
 Petrify                  Tmut/Erth      0%         N/A       100%        4
 Metabolic Englaciation   Hex/Ice        0%         N/A       100%        5
 Yara's Violent Unravell  Hex/Tmut       0%         3d3       100%        5


Dungeon Overview and Level Annotations

Branches:
Dungeon (4/15)             Temple (1/1) D:4

Altars:
Ashenzari
Cheibriados
Elyvilon
Fedhas
Gozag
Hepliaklqana
Kikubaaqudgha
Makhleb
Nemelex Xobeh
Qazlal
Ru
Sif Muna
Trog
Uskayaw
Vehumet
Wu Jian
Xom
Yredelemnul
Zin
The Shining One

Shops:
D:2 =


Innate Abilities, Weirdness & Mutations

You are too large for most types of armour.
You have tough skin. (AC +1)


Message History

Found a radiant altar of Vehumet.
Found a stormy altar of Qazlal.
Found a burning altar of Makhleb.
Found a basalt altar of Yredelemnul and a shimmering blue altar of Sif Muna.
Found a glowing golden altar of the Shining One.
Saving game... please wait.
Options error: Bad object type '%}\|' for autopickup. (~/.crawlrc:1972) Welcome back, Mgcat the Ogre Fighter.
Press ? for a list of commands and other information.
Found a hazy altar of Hepliaklqana.
Found a snail-covered altar of Cheibriados.
Found a shimmering altar of Xom.
There is a shimmering altar of Xom here.
Found a white marble altar of Elyvilon.
Found a broken altar of Ashenzari.
Found a blossoming altar of Fedhas.
Found three altars.
Found an opulent altar of Gozag.
There is a bloodstained altar of Trog here.
Found two altars.
There is an opulent altar of Gozag here.
You kneel at the altar of Gozag.
Gozag welcomes you!
You pay a service fee of 48 gold.
Okay, then.
There is a staircase back to the Dungeon here.
You climb upwards.
Welcome back to the Dungeon!
There is a staircase to the Ecumenical Temple here.
o - 3 scrolls labelled ONIUGIUXIP (gained 1)
You see here a +0 scale mail.
You see here a ball python skeleton.
You now have 126 gold pieces (gained 7).
You pick up a book of Misfortune and begin reading...
You add the spells Gell's Gravitas, Petrify, Metabolic Englaciation and Yara's Violent Unravelling to your library.
An iguana comes into view.
The iguana bites you.
You take 2 damage, and have 74/76 hp.
You hit the iguana.
The iguana is lightly wounded.
You block the iguana's attack. The iguana bites you!
You take 9 damage, and have 65/76 hp.
You closely miss the iguana.
The iguana is lightly wounded.
The iguana hisses menacingly.
The iguana bites you.
You take 4 damage, and have 61/76 hp.
You barely miss the iguana.
The iguana is lightly wounded.
The iguana barely misses you. The iguana bites you!
You take 8 damage, and have 53/76 hp.
You are too injured to fight recklessly!
You are too injured to fight recklessly!
You are too injured to fight recklessly!
You are too injured to fight recklessly!
You slash the iguana!
The iguana is heavily wounded.
The iguana bites you!
You take 13 damage, and have 40/76 hp.
You closely miss the iguana.
The iguana is heavily wounded.
You block the iguana's attack. x2
You hit the iguana but do no damage.
The iguana is heavily wounded.
The iguana bites you!
You take 10 damage, and have 30/76 hp.
You barely miss the iguana.
The iguana is heavily wounded.
You block the iguana's attack.
You hit the iguana but do no damage.
The iguana is heavily wounded.
The iguana bites you. x2
You take 5 damage, and have 25/76 hp.
You hit the iguana but do no damage.
The iguana is heavily wounded.
You block the iguana's attack.
You hit the iguana.
The iguana is almost dead.
The iguana closely misses you. You block the iguana's attack.
Your shield prevents you from hitting the iguana.
The iguana is almost dead.
The iguana barely misses you.
You hit the iguana but do no damage.
The iguana is almost dead.
The iguana closely misses you.
You hit the iguana but do no damage.
The iguana is almost dead.
The iguana bites you!
* * * LOW HITPOINT WARNING * * *
The iguana bites you but does no damage.
You take 10 damage, and have 16/76 hp.
You hit the iguana but do no damage.
The iguana is almost dead.
The iguana bites you!
* * * LOW HITPOINT WARNING * * *
You take 7 damage, and have 9/76 hp.
You hit the iguana but do no damage.
The iguana is almost dead.
The iguana bites you!
You die...
Your body crumbles into a pile of gold.

#####...# #........#
#.....#.# #.#.......
#.#####.# ##......... #
#.####.......... ..#
#............... ....
#.####.....รท.... .....
##.####..........
......##................
......l@....#...###.....
...........#......# #>##..
........##.#...#..###)##..
.........)..#........###.
#...........#...##......
####..........##..###..##.
###.............##..#
####.. #..
##..........###.#####..โ‰ˆ
#.#
#...........##.......โ‰ˆโ‰ˆ


You could see an iguana.

Vanquished Creatures
  A phantom (D:3)
  A scorpion (D:4)
  A water moccasin skeleton (D:4)
  A hound (D:4)
  2 iguanas (D:4)
  Jessica (D:3)
  Robin (D:2)
  3 gnolls
  5 adders
  An adder skeleton (D:4)
  A worm (D:2)
  5 dart slugs
  3 bats
  7 endoplasms
  6 giant cockroaches
  19 goblins
  6 hobgoblins
  12 jackals
  2 kobolds
  3 quokkas
  8 ball pythons
  7 frilled lizards
  6 rats
102 creatures vanquished.

Notes
Turn   | Place    | Note
-------+----------+-------------------------------------------
     0 | D:1      | Mgcat the Ogre Fighter began the quest for the Orb.
     0 | D:1      | Reached XP level 1. HP: 24/24 MP: 1/1
   117 | D:1      | Reached XP level 2. HP: 26/32 MP: 2/2
   401 | D:1      | Reached skill level 3 in Axes
   428 | D:1      | Reached XP level 3. HP: 40/40 MP: 3/3
  1377 | D:1      | Reached XP level 4. HP: 40/49 MP: 4/4
  1525 | D:2      | Found Xuread's Jewellery Emporium.
  1531 | D:2      | Reached skill level 5 in Fighting
  1593 | D:2      | Reached skill level 4 in Axes
  1613 | D:2      | Noticed Robin
  1631 | D:2      | Killed Robin
  1801 | D:2      | Found a faded altar of an unknown god.
  1933 | D:2      | Reached XP level 5. HP: 55/57 MP: 5/5
  2384 | D:3      | Noticed Jessica
  2392 | D:3      | Killed Jessica
  2785 | D:4      | Reached skill level 5 in Axes
  2785 | D:4      | Reached XP level 6. HP: 53/67 MP: 6/6
  2852 | D:4      | Reached skill level 6 in Fighting
  3464 | D:4      | Reached skill level 6 in Axes
  3673 | D:4      | Reached XP level 7. HP: 64/76 MP: 7/7
  3748 | D:4      | Found a staircase to the Ecumenical Temple.
  3797 | Temple   | Entered the Ecumenical Temple
  3945 | Temple   | Became a worshipper of Gozag Ym Sagoz the Greedy
  4108 | D:4      | HP: 16/76 [iguana (11)]
  4110 | D:4      | Slain by an iguana

Illustrated notes

Levels and vault maps discovered:
D:1:      enne_arrival_octagon_isle, layout_basic,
          chequers_serial_rivers_small_a
D:2:      wad_pebble_path, layout_rooms, shapermc_ecumenical_altar_totnotflames,
          serial_shops, nicolae_shop_stone, kennysheep_generic_room_7,
          uniq_robin
D:3:      layout_basic, uniq_jessica
D:4:      layout_rooms, minmay_temple_entry_junction, amcnicky_mini_pool_small
Temple:   regret_index_temple_chain_breaker

Skill      XL: |  1  2  3  4  5  6 |
---------------+-------------------+-----
Axes           | 3 4 5 6 |  6.2
Fighting       | 5 6 |  6.7
Dodging        | |  2.6
Shields        | |  2.6

Action                   |  1- 3 |  4- 6 |  7- 9 || total
-------------------------+-------+-------+-------++-------
Melee: War axe           |   127 |   166 |    32 ||   325
  Use: Potion            |       |     1 |       ||     1
Armor: Robe              |    51 |    43 |     2 ||    96
Dodge: Dodged            |    48 |    66 |    13 ||   127
Block: Kite shield       |    74 |    73 |    14 ||   161

Table legend: (Time is in decaauts)
 A = Elapsed time spent in this place.
 B = Non-inter-level travel time spent in this place.
 C = Inter-level travel time spent in this place.
 D = Time resting spent in this place.
 E = Time spent auto-exploring this place.
 F = Levels seen in this place.
 G = Mean time per level.
                   A        B        C        D        E       F      G
               +--------+--------+--------+--------+--------+-----+--------+
         Total |   4283 |   4127 |    156 |   1079 |   2168 |   5 |  856.6 |
       Dungeon |   4121 |   3995 |    126 |   1079 |   2039 |   4 | 1030.2 |
        Temple |    161 |    131 |     30 |      0 |    129 |   1 |  161.0 |
               +--------+--------+--------+--------+--------+-----+--------+

Top non-repeatable levels by time:
     D:1: 1390 daAuts
     D:2: 937 daAuts
     D:4: 914 daAuts
     D:3: 878 daAuts
  Temple: 161 daAuts

Table legend:
 A = Kills in this place as a percentage of kills in entire the game.
 B = Kills by you in this place as a percentage of kills by you in the entire game.
 C = Kills by friends in this place as a percentage of kills by friends in the entire game.
 D = Other kills in this place as a percentage of other kills in the entire game.
 E = Experience gained in this place as a percentage of experience gained in the entire game.
 F = Experience gained in this place divided by the number of levels of this place that you have seen.
                   A       B       C       D       E      F
               +-------+-------+-------+-------+-------+----------------------
         Total | 100.0 | 100.0 |   N/A |   N/A | 100.0 | 140.2
       Dungeon | 100.0 | 100.0 |   N/A |   N/A | 100.0 | 175.2
               +-------+-------+-------+-------+-------+----------------------
